 Dungeon Crawl Stone Soup version 0.24-a0-462-ge24419a6ad (webtiles) character file.

Game seed: 11438082426391875103

4613 nikopol the Thaumaturge (level 10, -2/52 HPs)
             Began as a Deep Elf Fire Elementalist on July 1, 2019.
             Was a Priest of Vehumet.
             Slain by a fire bat (6 damage)
             ... on level 8 of the Dungeon.
             The game lasted 00:23:33 (8137 turns).

nikopol the Thaumaturge (DEFE)                      Turns: 8137, Time: 00:23:33

Health: -2/52      AC:  4    Str:  5    XL:     10   Next: 19%
Magic:  12/27      EV: 15    Int: 24    God:    Vehumet [***...]
Gold:   496        SH:  0    Dex: 15    Spells: 16/31 levels left

rFire    . . .     SeeInvis .   (no weapon)
rCold    . . .     Gourm    .   (no shield)
rNeg     . . .     Faith    .   D - +0 robe {Archmagi}
rPois    +         Spirit   .   (no helmet)
rElec    .         Reflect  .   u - +0 cloak
rCorr    .         Harm     .   s - +0 pair of gloves
MR       +....                  (no boots)
Stlth    ++++......             (no amulet)
HPRegen  0.17/turn              q - ring of poison resistance
MPRegen  0.20/turn              A - ring of stealth

@: no status effects
A: no striking features
a: Renounce Religion


You were on level 8 of the Dungeon.
You worshipped Vehumet.
Vehumet was most pleased with you.
You were very hungry.

You visited 2 branches of the dungeon, and saw 9 of its levels.

You collected 496 gold pieces.

Inventory:

Armour
 a - a +0 robe
 s - a +0 pair of gloves (worn)
 u - a +0 cloak (worn)
 D - a +0 robe of the Archmagi (worn)
Jewellery
 q - a ring of poison resistance (left hand)
 A - a ring of stealth (right hand)
Wands
 y - a wand of acid (2)
 B - a wand of iceblast (7)
Scrolls
 b - 3 scrolls of random uselessness {unknown}
 d - a scroll of enchant weapon {unknown}
 e - 10 scrolls of identify
 h - 3 scrolls of blinking {unknown}
 m - 2 scrolls of teleportation {unknown}
 n - 2 scrolls of fog {unknown}
 o - 4 scrolls of remove curse {unknown}
 p - a scroll of enchant armour {unknown}
 r - 4 scrolls of amnesia {unknown}
 w - a scroll of magic mapping {unknown}
 x - 4 scrolls of brand weapon {unknown}
Potions
 f - 5 potions of curing
 g - 3 potions of flight {unknown}
 i - 2 potions of lignification {unknown}
 j - 2 potions of heal wounds {unknown}
 k - a potion of haste {unknown}
 l - 6 potions of might {unknown}
 t - 3 potions of mutation {unknown}
 v - a potion of invisibility {unknown}
 z - a potion of degeneration {unknown}
Comestibles
 c - 9 rations


   Skills:
 + Level 1.1 Fighting
 + Level 4.8 Dodging
 + Level 4.8 Stealth
 + Level 11.4 Spellcasting
 + Level 8.8 Conjurations
 + Level 9.0 Fire Magic
 + Level 0.1 Evocations


You had 16 spell levels left.
You knew the following spells:

 Your Spells              Type           Power        Failure   Level  Hunger
a - Flame Tongue          Conj/Fire      #####        1%          1    None
b - Throw Flame           Conj/Fire      ######       1%          2    None
c - Conjure Flame         Conj/Fire      ######..     1%          3    None
d - Sticky Flame          Conj/Fire      ######..     1%          4    None
e - Fireball              Conj/Fire      ######....   1%          5    ####...

Your spell library contained the following spells:

 Spells                   Type           Power        Failure   Level  Hunger
 Ignite Poison            Fire/Tmut/Pois #####...     1%          3    None
 Inner Flame              Hex/Fire       ######..     1%          3    None
 Summon Small Mammal      Summ           ###.         4%          1    None
 Call Imp                 Summ           ###.....     7%          2    None
 Call Canine Familiar     Summ           ###.....     14%         3    None
 Summon Guardian Golem    Hex/Summ       ###.....     14%         3    None
 Summon Ice Beast         Ice/Summ       ###.....     41%         4    None
 Summon Lightning Spire   Summ/Air       ###.....     41%         4    None


Dungeon Overview and Level Annotations

Branches:
Dungeon (8/15)             Temple (1/1) D:4
   Lair: D:8-11

Altars:
Cheibriados
Dithmenos
Hepliaklqana
Okawaru
Qazlal
Uskayaw
Vehumet
The Shining One

Annotations:
D:7 1 runed translucent door, Ijustatesigmund's ghost, novice OgHu


Message History

You kill the megabat!
Vehumet accepts your kill.
You feel your power returning.
The iceblast engulfs the megabat!
You kill the megabat!
Vehumet accepts your kill.
You feel your power returning. The megabat barely misses you.
The fire bat closely misses you. The megabat misses you.
The megabat closely misses you. The fire bat barely misses you.
The wraith barely misses you. The fire bat barely misses you.
The megabat hits you but does no damage.
The megabat completely misses you.
The megabat hits you but does no damage.
The fire bat closely misses you. The megabat barely misses you.
The fire bat closely misses you. The megabat barely misses you.
The megabat closely misses you. The fire bat completely misses you.
The fire bat closely misses you. The fire bat bites you.
* * * LOW HITPOINT WARNING * * *
You are engulfed in flames.
You die...

#####.......##..........
##### #..............##...
#.#.## ##..#..........#....
##....# #.##...............
#.....########..........)...
##......#####.......รท.......
###.......#.b..........)....
#..........bb.....#.(......)
###........@bbW...######.###
##.......#b.b...## #8.8#
##.......##.....## ##'##
#........##..#### #b#
#.......###.## #b#
##........##.#


bbb #......#..#### bbb ##....###.## ##'## #.........# ... You could see a
wraith, 4 fire bats and 3 megabats.

Vanquished Creatures
  3 hippogriffs (D:7)
  Sigmund (D:3)
  A shadow (D:7)
  2 wraiths (D:8)
  A hungry ghost (D:7)
  3 fire bats (D:8)
  Duvessa (D:4)
  2 orc warriors
  2 sky beasts (D:6)
  A black bear (D:6)
  A necrophage (D:7)
  A phantom (D:5)
  2 centaurs
  3 bullfrogs
  Dowan (D:4)
  3 scorpions
  3 killer bees (D:8)
  10 wights
  2 howler monkeys
  2 bullfrog zombies
  A centaur zombie (D:6)
  A hound (D:6)
  A quasit (D:8)
  2 orc priests
  4 jellies
  Crazy Yiuf (D:4)
  2 orc wizards (D:7)
  A bullfrog skeleton (D:8)
  An iguana (D:4)
  12 worker ants
  A hound zombie (D:5)
  2 hound skeletons
  3 gnolls (D:2)
  A howler monkey skeleton (D:4)
  10 adders
  An adder skeleton (D:6)
  3 dart slugs
  2 leopard geckos
  24 orcs
  2 ball pythons
  3 giant cockroaches
  6 goblins
  9 hobgoblins
  6 jackals
  2 quokkas
  A ball python skeleton (D:4)
  25 bats
  3 frilled lizards
  2 hobgoblin zombies (D:4)
  5 kobolds
  A kobold skeleton (D:4)
  2 orc skeletons (D:4)
  A quokka zombie (D:8)
  3 rats
189 creatures vanquished.

Vanquished Creatures (others)
  2 orcs (D:5)
  A frilled lizard (D:5)
3 creatures vanquished.

Grand Total: 192 creatures vanquished

Notes
Turn   | Place    | Note
-------+----------+-------------------------------------------
     0 | D:1      | nikopol the Deep Elf Fire Elementalist began the quest for
                  | the Orb.
     0 | D:1      | Reached XP level 1. HP: 10/10 MP: 6/6
   175 | D:1      | Reached XP level 2. HP: 15/15 MP: 4/8
   767 | D:2      | Reached XP level 3. HP: 19/19 MP: 4/9
  1008 | D:2      | Learned a level 2 spell: Throw Flame
  1012 | D:2      | Learned a level 3 spell: Conjure Flame
  1075 | D:2      | Reached XP level 4. HP: 24/24 MP: 8/11
  1952 | D:3      | Noticed Sigmund
  1981 | D:3      | Reached skill level 4 in Spellcasting
  2281 | D:3      | Found a hide-covered altar of Uskayaw.
  2294 | D:3      | Killed Sigmund
  2294 | D:3      | Reached skill level 5 in Spellcasting
  2294 | D:3      | Reached XP level 5. HP: 26/28 MP: 2/14
  2294 | D:3      | Reached XP level 6. HP: 30/32 MP: 2/15
  2575 | D:3      | Found a faded altar of an unknown god.
  2662 | D:4      | Found a snail-covered altar of Cheibriados.
  2680 | D:4      | Reached skill level 5 in Fire Magic
  2737 | D:4      | Found an iron altar of Okawaru.
  2798 | D:4      | Found a glowing golden altar of the Shining One.
  2831 | D:4      | Found a staircase to the Ecumenical Temple.
  2840 | Temple   | Entered the Ecumenical Temple
  2872 | Temple   | Became a worshipper of Vehumet
  3019 | D:4      | Learned a level 4 spell: Sticky Flame
  3224 | D:4      | Noticed Duvessa
  3225 | D:4      | Noticed Dowan
  3236 | D:4      | Killed Duvessa
  3246 | D:4      | Killed Dowan
  3246 | D:4      | Reached skill level 6 in Spellcasting
  3246 | D:4      | Reached XP level 7. HP: 22/36 MP: 0/18
  3385 | D:4      | Found a runed translucent door.
  3386 | D:4      | Noticed Crazy Yiuf
  3519 | D:4      | Killed Crazy Yiuf
  3573 | D:5      | Entered Level 5 of the Dungeon
  3840 | D:5      | Reached skill level 5 in Conjurations
  3972 | D:5      | Reached skill level 7 in Spellcasting
  4128 | D:5      | Learned a level 5 spell: Fireball
  4167 | D:5      | Reached XP level 8. HP: 24/42 MP: 12/21
  4792 | D:6      | Reached * piety under Vehumet
  4792 | D:6      | Offered knowledge of Sting by Vehumet.
  5019 | D:6      | Reached skill level 8 in Spellcasting
  5493 | D:6      | Reached skill level 1 in Fighting
  5819 | D:7      | Noticed a hippogriff
  5835 | D:7      | Killed a hippogriff
  5835 | D:7      | Reached skill level 9 in Spellcasting
  5835 | D:7      | Reached XP level 9. HP: 24/47 MP: 4/24
  6254 | D:7      | Reached skill level 10 in Spellcasting
  6355 | D:7      | Reached ** piety under Vehumet
  6355 | D:7      | Offered knowledge of Searing Ray by Vehumet.
  6402 | D:7      | Noticed Ijustatesigmund's ghost (novice OgHu)
  6985 | D:7      | Found a runed translucent door.
  7290 | D:8      | Reached skill level 11 in Spellcasting
  7566 | D:8      | Reached XP level 10. HP: 52/52 MP: 16/27
  7695 | D:8      | Offered knowledge of Ignite Poison by Vehumet.
  8046 | D:8      | Reached *** piety under Vehumet
  8137 | D:8      | Slain by a fire bat

Levels and vault maps discovered:
D:1:      dpeg_arrival_more_subterranean_lakeside_camping, layout_basic
D:2:      layout_rooms
D:3:      layout_rooms, overflow_temple_1_default,
          chequers_ecumenical_altar_grove, uniq_sigmund
D:4:      layout_basic, nicolae_tso_besieged_by_evil,
          nicolae_overflow_crystal_walls, minmay_temple_entry_mist,
          hangedman_abyss_or_decor_passed, kennysheep_slug_shrine, uniq_duvessa,
          uniq_crazy_yiuf_cottage
D:5:      layout_rooms, first_ration, lemuel_flamethrower_2
D:6:      black_bear_nest_1, layout_cave_pods, minmay_puff
D:7:      layout_cave_pods, hellmonk_ghost_happy_afterlife
D:8:      due_megacathedral, layout_cave_pools
Temple:   dpeg_five_rooms_temple

Skill      XL: |  1  2  3  4  5  6  7  8  9 10 |
---------------+-------------------------------+-----
Dodging        | 3 4 |  4.8
Fire Magic     | 4 5 6 7 8 9 |  9.0
Stealth        | 3 4 |  4.8
Conjurations   | 3 4 5 6 8 |  8.8
Spellcasting   | 5 6 7 9 11 | 11.4
Fighting       | 1 |  1.1
Evocations     | |  0.1

Action                   |  1- 3 |  4- 6 |  7- 9 | 10-12 || total
-------------------------+-------+-------+-------+-------++-------
Melee: Unarmed           |       |       |     2 |       ||     2
 Cast: Flame Tongue      |    53 |   120 |   149 |    47 ||   369
       Throw Flame       |       |     7 |     6 |     3 ||    16
       Conjure Flame     |       |     3 |     1 |     1 ||     5
       Sticky Flame      |       |       |    32 |     6 ||    38
       Fireball          |       |       |    14 |     1 ||    15
Evoke: Wand              |       |       |       |     7 ||     7
  Use: Scroll            |       |       |       |     1 ||     1
  Eat: Chunk             |       |     7 |    13 |     1 ||    21
       Ration            |       |       |     1 |       ||     1
Armor: Robe              |     4 |     3 |    11 |    16 ||    34
Dodge: Dodged            |    10 |    35 |    66 |    48 ||   159

Table legend:
 A = Non-vault XP
 B = Vault XP
 C = Vault XP percentage of total XP
 D = Non-vault monster count
 E = Vault monster count
 F = Vault count percentage of total count
                 A         B        C        D         E       F
            +---------+---------+-------+---------+---------+-------
      Total |    5244 |    1347 |  20.4 |     172 |      17 |   9.0
            +---------+---------+-------+---------+---------+-------
        D:1 |      29 |       0 |   0.0 |      15 |       0 |   0.0
        D:2 |      91 |       0 |   0.0 |      22 |       0 |   0.0
        D:3 |      79 |     223 |  73.8 |      24 |       1 |   4.0
        D:4 |     174 |     272 |  61.0 |      12 |       9 |  42.9
        D:5 |     649 |       0 |   0.0 |      19 |       0 |   0.0
        D:6 |     588 |     449 |  43.3 |      13 |       5 |  27.8
        D:7 |    2226 |       0 |   0.0 |      27 |       0 |   0.0
        D:8 |    1408 |     403 |  22.3 |      40 |       2 |   4.8
            +---------+---------+-------+---------+---------+-------
